 Dungeon Crawl Stone Soup version 0.27-a0-538-g15ff5c5295 (webtiles) character file.

Game seed: 7296943470694757086

521 wakim the Ducker (level 7, -6/43 HPs)
             Began as an Octopode Transmuter on Mar 6, 2021.
             Mangled by an ogre
             ... wielding a +0 giant club
              (17 damage)
             ... on level 4 of the Dungeon.
             The game lasted 00:19:42 (5864 turns).

wakim the Ducker (Octopode Transmuter)              Turns: 5864, Time: 00:19:43

Health: -6/43      AC: 12    Str:  9    XL:     7   Next: 21%
Magic:  9/10       EV: 12    Int: 18    God:
Gold:   203        SH:  7    Dex: 12    Spells: 9/10 levels left

rFire    . . .     SeeInvis .   a - +1 short sword (protect)
rCold    . . .     Faith    .   h - +0 kite shield
rNeg     . . .     Spirit   .   (helmet currently unavailable)
rPois    .         Reflect  .   (no amulet)
rElec    .         Harm     .   q - +4 ring of protection
rCorr    .         Rampage  .   (no ring)
Will     .....                  (no ring)
Stlth    +++.......             (no ring)
HPRegen  0.14/turn              (no ring)
MPRegen  0.12/turn              (no ring)
                                (no ring)
                                (no ring)

@: appendages, protection aura
A: almost no armour, amphibious, 8 rings, constrict 8, tentacle spike 3,
camouflage 1, gelatinous body 1, nimble swimmer 1
a: End Transformation


You were on level 4 of the Dungeon.
One of your tentacles had a temporary spike.
You visited 1 branch of the dungeon, and saw 4 of its levels.
You also visited: Sewer.

You collected 203 gold pieces.

Inventory:

Hand Weapons
 a - a +1 short sword of protection (weapon)
 b - a +0 hunting sling
Missiles
 f - 248 stones
 l - 14 poisoned darts
 o - 80 sling bullets
 t - 4 silver boomerangs (quivered)
Armour
 h - a +0 kite shield (worn)
Jewellery
 q - a +4 ring of protection (left tentacle)
Wands
 p - a wand of digging (2)
Scrolls
 i - a scroll of blinking
 s - 2 scrolls of fog
 u - a scroll of fear
 v - 3 scrolls of teleportation
 x - 2 scrolls of identify
Potions
 c - 2 potions of curing
 d - a potion of degeneration {unknown}
 e - 3 potions of attraction
 g - a potion of ambrosia {unknown}
 j - 2 potions of berserk rage
 k - 4 potions of heal wounds
 m - 2 potions of might
 n - a potion of mutation {unknown}
 r - 2 potions of haste {unknown}
 w - 2 potions of brilliance {unknown}


   Skills:
 - Level 1.0 Fighting
 - Level 5.0 Dodging
 - Level 3.0 Stealth
 + Level 2.2 Shields
 - Level 3.0 Unarmed Combat
 - Level 2.0 Spellcasting
 - Level 5.0 Transmutations


You had 9 spell levels left.
You knew the following spells:

 Your Spells              Type           Power      Damage    Failure   Level
a - Beastly Appendage     Tmut           38%        N/A       12%         1

Your spell library contained the following spells:

 Spells                   Type           Power      Damage    Failure   Level
 Wereblood                Tmut           19%        N/A       19%         2
 Animate Skeleton         Necr           2%         N/A       67%         1
 Apportation              Tloc           2%         N/A       67%         1
 Corona                   Hex            1%         N/A       67%         1
 Summon Small Mammal      Summ           4%         N/A       67%         1
 Spider Form              Tmut/Pois      5%         N/A       69%         3
 Call Imp                 Summ           1%         N/A       80%         2
 Call Canine Familiar     Summ           1%         N/A       95%         3
 Summon Guardian Golem    Hex/Summ       1%         N/A       95%         3
 Ice Form                 Ice/Tmut       10%        N/A       97%         4
 Blade Hands              Tmut           9%         N/A       97%         5
 Summon Ice Beast         Ice/Summ       1%         N/A       100%        4
 Summon Lightning Spire   Summ/Air       1%         N/A       100%        4


Dungeon Overview and Level Annotations

Branches:
Dungeon (4/15)              Sewer (visited)
 Temple: D:4-7

Altars:
Cheibriados
Qazlal
Uskayaw


Innate Abilities, Weirdness & Mutations

You cannot wear most types of armour.
You are amphibious.
You can wear up to eight rings at the same time.
You can use your tentacles to constrict eight enemies at once.
Your skin changes colour to match your surroundings (Stealth+).
Your rubbery body absorbs attacks. (AC +1, EV +1)
You are stealthy while swimming. (Stealth+)
One of your tentacles bears a large vicious spike.


Message History

You climb downwards.
There is a stone staircase leading up here.
Things that are here:
a +0 robe; a +0 dagger; an orc skeleton
There is an open door, spattered with blood here.
There is an open door here.
There is an open door here.
o - 82 sling bullets (gained 1)
An ogre is nearby!
Your +1 short sword of protection goes still.
b - a +0 hunting sling (weapon)
You shoot a sling bullet. The ogre shouts!
The sling bullet hits the ogre.
The ogre is moderately wounded.
You shoot a sling bullet.
The sling bullet hits the ogre but does no damage.
The ogre is moderately wounded.
Casting: Beastly Appendage (safe; 12% risk of failure)
Confirm with . or Enter, or press ? or * to list all spells.
One of your tentacles grows a vicious spike.
Your +1 short sword of protection hums with potential!
a - a +1 short sword of protection (weapon)
You hit the ogre.
Your weapon exudes an aura of protection.
You pierce the ogre.
The ogre is moderately wounded.
The ogre closely misses you.
You hit the ogre but do no damage.
Your tentacle spike misses the ogre.
You squeeze the ogre!
The ogre is severely wounded.
The ogre hits you with a +0 giant club!
You hit the ogre.
The ogre is severely wounded.
The ogre hits you with a +0 giant club!
* * * LOW HITPOINT WARNING * * *
You hit the ogre.
Your tentacle spike misses the ogre.
The ogre is almost dead.
The ogre hits you with a +0 giant club!
You die...

###......#...
#........#...
####.##.....##..
######...........##..
#......###.......##..
#......#.#.......##..
#....###.#'#.........
#....#.....#.........
#...@###.###.######..
#....O.#.#........###
#####..###...........
##.......(.......
#...............
#...............
#...............
###'#####'###... ...
. #...


You could see an ogre.

Vanquished Creatures
  Menkaure (D:4)
  Ijyb (D:3)
  3 orc wizards (D:4)
  3 worker ants (D:4)
  3 gnolls
  10 adders
  2 river rats (Sewer)
  2 worms
  4 dart slugs
  3 leopard geckos
  9 orcs
  A giant cockroach (D:4)
  9 goblins
  2 hobgoblins (D:3)
  A quokka (D:3)
  5 ball pythons
  7 bats
  7 frilled lizards
  7 kobolds
  16 rats
96 creatures vanquished.

Notes
Turn   | Place    | Note
-------+----------+-------------------------------------------
     0 | D:1      | wakim the Octopode Transmuter began the quest for the Orb.
     0 | D:1      | Reached XP level 1. HP: 13/13 MP: 3/3
   222 | D:1      | Reached XP level 2. HP: 17/18 MP: 3/5
  1020 | D:1      | Reached XP level 3. HP: 11/23 MP: 4/6
  1796 | D:2      | Found a stormy altar of Qazlal.
  1925 | D:2      | Reached XP level 4. HP: 28/28 MP: 7/7
  2460 | D:3      | Noticed Ijyb
  2510 | D:3      | Killed Ijyb
  2511 | D:3      | Reached skill level 5 in Dodging
  2511 | D:3      | Reached XP level 5. HP: 24/33 MP: 8/8
  2749 | D:3      | Reached skill level 1 in Stealth
  3232 | D:3      | Found a hide-covered altar of Uskayaw.
  3455 | D:4      | Found a glowing drain.
  3571 | Sewer    | Entered a sewer
  3760 | Sewer    | Reached XP level 6. HP: 37/38 MP: 9/9
  4262 | D:4      | Noticed Menkaure
  4372 | D:4      | Killed Menkaure
  4722 | D:4      | Reached skill level 5 in Transmutations
  4813 | D:4      | Reached XP level 7. HP: 43/43 MP: 10/10
  5219 | D:4      | Reached skill level 1 in Shields
  5319 | D:4      | Found a snail-covered altar of Cheibriados.
  5864 | D:4      | Mangled by an ogre

Illustrated notes

Levels and vault maps discovered:
D:1:      minmay_arrival_four_houses, layout_loops_ring
D:2:      kennysheep_big_flooded_room, layout_rooms, grunt_qazlal_sundering
D:3:      layout_loops_ring, lemuel_doored_altar, uniq_ijyb
D:4:      layout_gridville, kennysheep_slug_shrine,
          cheibrodos_sewer_entry_drain, minmay_a_box_with_orc_wizards_in_it,
          uniq_menkaure

Skill      XL: |  1  2  3  4  5  6  7 |
---------------+----------------------+-----
Dodging        | 3 4 5 |  5.0
Stealth        | 3 |  3.0
Transmutations | 3 5 |  5.0
Shields        | 2 |  2.2
Fighting       | |  1.0
Unarmed Combat | |  3.0
Spellcasting   | |  2.0

Action                   |  1- 3 |  4- 6 |  7- 9 || total
-------------------------+-------+-------+-------++-------
Melee: Unarmed           |    29 |       |       ||    29
       Kick              |     9 |     4 |     2 ||    15
       Constrict         |    14 |    27 |     1 ||    42
       Tentacles         |     7 |    25 |     6 ||    38
       Short sword       |    19 |   101 |    35 ||   155
       Spear             |     8 |       |       ||     8
       Punch             |       |     2 |       ||     2
 Fire: Hunting sling     |    40 |    60 |    10 ||   110
Throw: Boomerang         |       |    21 |     3 ||    24
       Dart              |       |     2 |       ||     2
 Cast: Beastly Appendage |     9 |     3 |     2 ||    14
  Use: Scroll            |     6 |     4 |       ||    10
       Potion            |     1 |       |       ||     1
 Stab: Distracted        |       |     1 |       ||     1
Armor: Skin              |     9 |    15 |    22 ||    46
Dodge: Dodged            |    53 |    43 |     7 ||   103
Block: Kite shield       |     2 |    21 |     4 ||    27

Table legend: (Time is in decaauts)
 A = Elapsed time spent in this place.
 B = Non-inter-level travel time spent in this place.
 C = Inter-level travel time spent in this place.
 D = Time resting spent in this place.
 E = Time spent auto-exploring this place.
 F = Levels seen in this place.
 G = Mean time per level.
                   A        B        C        D        E       F      G
               +--------+--------+--------+--------+--------+-----+--------+
         Total |   5947 |   5693 |    254 |   2254 |   1987 |   5 | 1189.4 |
       Dungeon |   5281 |   5027 |    254 |   1913 |   1785 |   4 | 1320.2 |
         Sewer |    666 |    666 |      0 |    341 |    202 |   1 |  666.0 |
               +--------+--------+--------+--------+--------+-----+--------+

Top non-repeatable levels by time:
     D:3: 1480 daAuts
     D:4: 1390 daAuts
     D:1: 1321 daAuts
     D:2: 1089 daAuts
   Sewer: 666 daAuts
